 Dungeon Crawl Stone Soup version 0.29-a0-517-gbdf32494f2 (webtiles) character file.

Game seed: 16204906756732259675

47 RepHenryClay the Shield-Bearer (level 3, -6/36 HPs)
             Began as a Troll Fighter on May 30, 2022.
             Blown up by Ijyb (16 damage)
             ... with a mindburst bolt
             ... on level 3 of the Dungeon.
             The game lasted 00:02:46 (1421 turns).

RepHenryClay the Shield-Bearer (Troll Fighter)      Turns: 1421, Time: 00:02:47

Health: -6/36      AC:  4    Str: 26    XL:     3   Next: 48%
Magic:  2/2        EV:  8    Int:  4    God:
Gold:   120        SH:  7    Dex:  9    Spells: 2/2 levels left

rFire   . . .      SeeInvis .   a - +0 flail
rCold   . . .      Faith    .   c - +0 kite shield
rNeg    . . .      Spirit   .   b - +0 robe
rPois   .          Reflect  .   (helmet restricted)
rElec   .          Harm     .   (no cloak)
rCorr   .          Rampage  .   (gloves unavailable)
Will    .....                   (boots unavailable)
Stlth   +.........              (no amulet)
HPRegen 0.92/turn               (no ring)
MPRegen 0.08/turn               (no ring)

@: no status effects
A: large, unfitting armour, claws 3, regeneration 1, shaggy fur 1, tough skin 1
a: no special abilities


You were on level 3 of the Dungeon.
You visited 1 branch of the dungeon, and saw 3 of its levels.

You collected 120 gold pieces.

Inventory:

Hand Weapons
 a - a +0 flail (weapon)
 l - a +0 dire flail
Armour
 b - a +0 robe (worn)
 c - a +0 kite shield (worn)
Scrolls
 e - 2 scrolls of teleportation {unknown}
 g - 3 scrolls of identify {unknown}
 h - 2 scrolls of fog {unknown}
Potions
 d - 2 potions of might
 f - 2 potions of heal wounds {unknown}
 j - a potion of degeneration {unknown}
 k - a potion of lignification {unknown}


   Skills:
 - Level 2.4 Fighting
 + Level 2.8 Maces & Flails
 - Level 2.4 Dodging
 - Level 3.4 Shields


You had 2 spell levels left.
You didn't know any spells.
Your spell library contained the following spells:

 Spells                   Type           Power      Damage    Failure   Level
 Necrotize                Necr           0%         1d4       80%         1
 Vampiric Draining        Necr           0%         2d6       99%         3
 Agony                    Necr           0%         N/A       100%        5


Dungeon Overview and Level Annotations

Branches:
Dungeon (3/15)

Altars:

Shops:
D:1 [

Annotations:
D:3 Ijyb


Innate Abilities, Weirdness & Mutations

You are too large for most types of armour.
You have claws for hands.
Your natural rate of healing is unusually fast.
You are covered in fur. (AC +1)
You have tough skin. (AC +1)


Message History

You sock Ijyb!
Ijyb is moderately wounded.
Ijyb drinks a potion.
Ijyb is healed!
Ijyb looks more healthy.
Ijyb screams, "Me kill you!"
Ijyb zaps a wand.
You barely resist. You barely miss Ijyb.
Ijyb is lightly wounded.
Ijyb hits you with a +5 club.
Damage: -13%(-5hp) hp: 87%(31hp)
You hit Ijyb.
Ijyb is moderately wounded.
You block Ijyb's attack.
You closely miss Ijyb.
Ijyb is moderately wounded.
Ijyb completely misses you.
Ijyb zaps a wand.
Your mind is blasted!
Damage: -11%(-4hp) hp: 78%(28hp)
You closely miss Ijyb.
Ijyb is moderately wounded.
Ijyb hits you with a +5 club.
Damage: -5%(-2hp) hp: 73%(26hp)
You closely miss Ijyb.
Ijyb is moderately wounded.
Ijyb zaps a wand.
Your mind is blasted!
Ijyb closely misses you.
Huge Dmg: -17%(-6hp) hp: 56%(20hp)
You hit Ijyb but do no damage.
Ijyb is moderately wounded.
Ijyb hits you with a +5 club.
Damage: -11%(-4hp) hp: 45%(16hp)
You hit Ijyb but do no damage.
Ijyb is moderately wounded.
Ijyb hits you with a +5 club.
* * * LOW HITPOINT WARNING * * *
Damage: -6%(-2hp) hp: 39%(14hp) Unknown command.
You hit Ijyb.
Ijyb is severely wounded.
Ijyb hits you with a +5 club.
* * * LOW HITPOINT WARNING * * *
Ijyb zaps a wand.
Your mind is blasted!
You die...

### ..# ..# ####### ###
..##########.....####!....
..'..............@g>......
..#..............##(#.###.
..#........†.##### .#
..#..........## .#
..#####(......... .# ..#
#.######### ## |.#####.#
#.......#.# ..........


You could see Ijyb.

Vanquished Creatures
  A worm (D:2)
  A dart slug (D:1)
  3 ball pythons
  8 endoplasms
  A goblin (D:1)
  2 hobgoblins (D:1)
  2 jackals (D:2)
  2 quokkas (D:1)
  7 bats
  3 frilled lizards
  5 kobolds
  4 rats
39 creatures vanquished.

Vanquished Creatures (others)
  2 plants (D:1)
2 creatures vanquished.

Grand Total: 41 creatures vanquished

Notes
Turn   | Place    | Note
-------+----------+-------------------------------------------
     0 | D:1      | RepHenryClay the Troll Fighter began the quest for the Orb.
     0 | D:1      | Reached XP level 1. HP: 22/22 MP: 0/0
   101 | D:1      | Found Qoirets's Antique Armour Boutique.
   118 | D:1      | Reached skill level 3 in Shields
   118 | D:1      | Reached XP level 2. HP: 29/29 MP: 1/1
   379 | D:1      | Found a faded altar of an unknown god.
   720 | D:2      | Reached XP level 3. HP: 36/36 MP: 2/2
  1396 | D:3      | Noticed Ijyb
  1421 | D:3      | Blown up by Ijyb

Illustrated notes

Levels and vault maps discovered:
D:1:      dpeg_arrival_erosion, layout_loops_ring, serial_shops,
          nicolae_shop_hallway_stairs, shapermc_ecumenical_altar_venn,
          serial_bayou_lagoon_a, grunt_decor_arrowhead, minmay_misc_feat_encased
D:2:      layout_basic
D:3:      wander_river, layout_basic, mainiacjoe_overflow_chevrons,
          fedhas_altar_fruit_tree, uniq_crazy_yiuf_cottage, uniq_ijyb,
          uniq_robin

Skill      XL: |  1 |
---------------+----+-----
Maces & Flails | 2 |  2.8
Shields        | 3 |  3.4
Fighting       | |  2.4
Dodging        | |  2.4

Action                   || total
-------------------------++-------
Melee: Flail             ||   151
Throw: Dart              ||     4
 Stab: Sleeping          ||     1
Armor: Robe              ||    67
Dodge: Dodged            ||    59
Block: Kite shield       ||    72

Table legend: (Time is in decaauts)
 A = Elapsed time spent in this place.
 B = Non-inter-level travel time spent in this place.
 C = Inter-level travel time spent in this place.
 D = Time resting spent in this place.
 E = Time spent auto-exploring this place.
 F = Levels seen in this place.
 G = Mean time per level.
                   A        B        C        D        E       F      G
               +--------+--------+--------+--------+--------+-----+--------+
         Total |   1497 |   1467 |     30 |      0 |   1058 |   3 |  499.0 |
       Dungeon |   1497 |   1467 |     30 |      0 |   1058 |   3 |  499.0 |
               +--------+--------+--------+--------+--------+-----+--------+

Top non-repeatable levels by time:
     D:1: 764 daAuts
     D:2: 612 daAuts
     D:3: 120 daAuts
